 Dungeon Crawl Stone Soup version 0.29-a0-322-g68df515428 (webtiles) character file.

Game seed: 9580598218460846837

3 iguanaiguana the Firebug (level 1, 0/13 HPs)
             Began as a Deep Elf Cinder Acolyte on Apr 6, 2022.
             Was a High Priest of Ignis.
             Slain by a kobold
             ... wielding a +0 dagger
              (2 damage)
             ... on level 1 of the Dungeon.
             The game lasted 00:00:49 (101 turns).

iguanaiguana the Firebug (Deep Elf Cinder Acolyte)   Turns: 101, Time: 00:00:49

Health: 0/13       AC:  2    Str: 11    XL:     1   Next: 41%
Magic:  5/5        EV: 11    Int: 18    God:    Ignis [*****.]
Gold:   19         SH:  0    Dex: 10    Spells: 3/3 levels left

rFire   + . .      SeeInvis .   a - -1 short sword (flame)
rCold   . . .      Faith    .   (no shield)
rNeg    . . .      Spirit   .   b - +0 robe
rPois   .          Reflect  .   (no helmet)
rElec   .          Harm     .   (no cloak)
rCorr   .          Rampage  .   (no gloves)
Will    .....                   (no boots)
Stlth   +.........              (no amulet)
HPRegen 0.04/turn               (no ring)
MPRegen 0.09/turn               (no ring)

@: no status effects
A: no striking features
a: Renounce Religion, Fiery Armour, Foxfire Swarm, Rising Flame


You were on level 1 of the Dungeon.
You worshipped Ignis.
Ignis was extremely pleased with you.
You visited 1 branch of the dungeon, and saw 1 of its levels.

You collected 19 gold pieces.

Inventory:

Hand Weapons
 a - a -1 short sword of flaming (weapon)
Armour
 b - a +0 robe (worn)
Scrolls
 c - a scroll of enchant armour {unknown}


   Skills:
 - Level 2.4 Fighting
 - Level 3.0 Short Blades
 + Level 0.5 Stealth
 - Level 1.5 Spellcasting
 * Level 3.4 Fire Magic


You had 3 spell levels left.
You didn't know any spells.
Your spell library contained the following spells:

 Spells                   Type           Power      Damage    Failure   Level
 Scorch                   Fire           26%        2d6       7%          2


Dungeon Overview and Level Annotations

Branches:
Dungeon (1/15)

Altars:


Message History

The bat is severely wounded.
The bat hits you.
You barely miss the bat.
The bat is severely wounded.
The bat hits you.
You hit the bat. You burn the bat.
You kill the bat!
The rat barely misses you.
You hit the rat. You burn the rat.
You kill the rat!
You hit the rat. You burn the rat.
You kill the rat!
No target in view!
HP restored.
You now have 8 gold pieces.
You see here a rat corpse.
c - a scroll labelled VYRUMIOLUOD You now have 19 gold pieces (gained 11).
A kobold comes into view. It is wielding a +0 dagger.
The kobold shouts!
The kobold throws a stone.
The stone hits you. The kobold misses you.
You closely miss the kobold. The kobold hits you with a +0 dagger.
You closely miss the kobold. The kobold hits you but does no damage.
You hit the kobold but do no damage. The kobold hits you with a +0 dagger.
* * * LOW HITPOINT WARNING * * *
You closely miss the kobold. The kobold hits you with a +0 dagger.
* * * LOW HITPOINT WARNING * * *
You hit the kobold but do no damage. The kobold hits you with a +0 dagger.
* * * LOW HITPOINT WARNING * * *
You hit the kobold. You burn the kobold.
The kobold is severely wounded.
The kobold hits you with a +0 dagger.
* * * LOW HITPOINT WARNING * * *
Activating: Foxfire Swarm
Press: ? - help, Dir - look around, f - activate Flames leap up around you!
The kobold barely misses you.
Your foxfire dissipates!
The kobold attacks as you move away! The kobold hits you with a +0 dagger.
You die...

#.# #.# #.# #.#
#.# #.# #v# #.#
#K# #.# ####@#
#.###.##.#
#.##...#v######
#.#.............
#)##...#.#######
#.###.##.#
#.###†##.#
#.#...##.#
#....>.#..


You could see a kobold (ally target).

Vanquished Creatures
  A bat (D:1)
  A goblin (D:1)
  2 rats (D:1)
4 creatures vanquished.

Notes
Turn   | Place    | Note
-------+----------+-------------------------------------------
     0 | D:1      | iguanaiguana the Deep Elf Cinder Acolyte began the quest
                  | for the Orb.
     0 | D:1      | Reached XP level 1. HP: 13/13 MP: 5/5
   101 | D:1      | Slain by a kobold

Illustrated notes

Levels and vault maps discovered:
D:1:      lightli_arrival_quake, layout_loops_ring,
          chequers_ecumenical_altar_grove, minmay_fountain_box

Action                   || total
-------------------------++-------
Melee: Short sword       ||    13
Invok: Foxfire Swarm     ||     1
Armor: Robe              ||     2
Dodge: Dodged            ||     4

Table legend: (Time is in decaauts)
 A = Elapsed time spent in this place.
 B = Non-inter-level travel time spent in this place.
 C = Inter-level travel time spent in this place.
 D = Time resting spent in this place.
 E = Time spent auto-exploring this place.
 F = Levels seen in this place.
 G = Mean time per level.
                   A        B        C        D        E       F      G
               +--------+--------+--------+--------+--------+-----+--------+
         Total |    100 |    100 |      0 |      0 |     75 |   1 |  100.0 |
       Dungeon |    100 |    100 |      0 |      0 |     75 |   1 |  100.0 |
               +--------+--------+--------+--------+--------+-----+--------+

Top non-repeatable levels by time:
     D:1: 100 daAuts
